Map: [ESL] Site Delta

Players

ShoWTimE - Winner!

  • Race: Protoss Protoss
  • League: Diamond
  • Spawn Location: 5:00

Reynor

  • Race: Zerg Zerg
  • Spawn Location: 11:00

Event: IEM Katowice 2024

VOD

Have the link to the VOD?

Description

Time

  • Played on: Feb. 8, 2024, 1:54 p.m.
  • Length: 26:02

All games in this series

Show
View Real Time Build Order
Export as new Build Order

ShoWTimE Protoss - Winner!

Build Orders: 1 Gate Expand, Oracle Opening, Archon Immortal 

Get SALT Encoding   

  12  0:00  Probe  
  13  0:12  Probe  
  14  0:18  Pylon  
  14  0:24  Probe (Chrono Boost)  
  15  0:36  Probe (Chrono Boost)  
  15  0:38  Gateway  
  16  0:45  Probe (Chrono Boost)  
  16  0:46  Assimilator  
  17  0:50  Probe  
  18  1:03  Probe  
  19  1:15  Probe  
  20  1:23  Nexus  
  20  1:32  Cybernetics Core  
  20  1:35  Probe  
  21  1:40  Assimilator  
  21  1:47  Probe  
  22  1:50  Pylon  
  22  1:59  Probe  
  23  2:05  Adept (Chrono Boost)  
  25  2:11  Probe  
  26  2:18  Stargate  
  26  2:23  Probe (Chrono Boost)  
  26  2:25  Adept (Chrono Boost)  
  29  2:32  Warp Gate  
  29  2:34  Probe (Chrono Boost)  
  31  2:41  Probe (Chrono Boost)  
  31  2:44  Probe (Chrono Boost)  
  32  2:47  Adept  
  32  2:48  Probe (Chrono Boost)  
  32  2:49  Probe (Chrono Boost)  
  36  2:59  Probe  
  36  3:01  Probe  
  38  3:11  Probe  
  38  3:13  Probe  
  38  3:18  Oracle (Chrono Boost)  
  37  3:23  Probe  
  37  3:24  Nexus  
  39  3:29  Probe  
  39  3:30  Pylon  
  40  3:37  Gateway, Probe  
  41  3:41  Probe  
  41  3:45  Assimilator  
  42  3:49  Probe, Adept  
  42  3:52  Oracle (Chrono Boost)  
  42  3:53  Probe  
  49  3:59  Pylon  
  49  4:01  Assimilator  
  49  4:02  Probe  
  50  4:05  Probe  
  51  4:14  Probe  
  52  4:17  Probe  
  52  4:18  Forge  
  52  4:20  Pylon  
  53  4:26  Probe  
  53  4:31  Twilight Council  
  54  4:36  Probe x2  
  54  4:38  Probe, Adept x2  
  60  4:47  Pylon  
  60  4:48  Protoss Ground Weapons Level 1 (Chrono Boost), Probe x2  
  60  4:50  Probe  
  61  5:00  Probe (Chrono Boost)  
  61  5:05  Adept x2  
  61  5:07  Shield Battery, Probe x2 (Chrono Boost)  
  68  5:08  Oracle (Chrono Boost)  
  68  5:12  Probe (Chrono Boost)  
  68  5:14  Blink (Chrono Boost)  
  72  5:16  Probe (Chrono Boost)  
  72  5:18  Probe x2 (Chrono Boost)  
  72  5:21  Probe (Chrono Boost)  
  75  5:26  Probe  
  75  5:27  Probe, Stalker  
  80  5:33  Probe, Stalker  
  83  5:38  Probe  
  83  5:39  Probe  
  83  5:40  Pylon  
  85  5:46  Probe  
  84  5:50  Probe  
  84  5:56  Probe  
  84  5:58  Probe  
  84  6:00  Gateway  
  84  6:02  Gateway  
  84  6:03  Gateway, Probe  
  82  6:05  Stalker x2  
  82  6:08  Probe  
  82  6:10  Gateway, Probe  
  84  6:15  Probe  
  84  6:16  Assimilator  
  84  6:17  Pylon  
  85  6:20  Probe  
  85  6:22  Assimilator, Pylon  
  85  6:23  Probe  
  85  6:24  Templar Archives  
  87  6:26  Photon Cannon  
  87  6:27  Probe  
  87  6:31  Pylon  
  87  6:32  Probe, Stalker  
  90  6:34  Gateway  
  90  6:35  Stalker  
  93  6:44  Gateway  
  93  6:45  Photon Cannon  
  93  6:54  Stalker  
  93  6:55  Stalker  
  93  6:56  Pylon  
  93  6:57  Stalker  
  99  7:02  Psionic Storm  
  99  7:03  Nexus  
  99  7:08  Stalker x2  
  103  7:09  Protoss Ground Weapons Level 2 (Chrono Boost)  
  103  7:13  Charge  
  103  7:16  Shield Battery  
  103  7:22  High Templar x2  
  107  7:23  Photon Cannon  
  107  7:24  Probe x3  
  110  7:32  Photon Cannon  
  110  7:34  High Templar x2, Photon Cannon  
  114  7:37  Probe x2  
  114  7:38  Probe  
  117  7:49  Probe x2  
  116  7:52  Robotics Facility  
  116  7:54  Zealot x4  
  116  7:55  Robotics Facility  
  124  7:58  Pylon  
  124  8:03  Pylon  
  124  8:05  Pylon  
  124  8:11  Photon Cannon  
  124  8:14  Assimilator, Shield Battery  
  124  8:15  High Templar  
  124  8:16  Archon x2  
  124  8:18  High Templar x2  
  124  8:19  Assimilator  
  130  8:22  Probe x2  
  130  8:24  Pylon  
  130  8:25  High Templar  
  134  8:27  Photon Cannon, Pylon  
  134  8:28  Shield Battery  
  134  8:31  Gateway  
  134  8:32  Photon Cannon, Probe  
  135  8:41  Immortal x2 (Chrono Boost)  
  135  8:42  Probe  
  135  8:45  Robotics Facility  
  144  8:53  Gateway  
  144  8:54  High Templar  
  146  8:57  Gateway  
  146  8:58  Gateway  
  146  9:02  Probe x2  
  148  9:06  Photon Cannon  
  148  9:08  Forge  
  148  9:13  Photon Cannon  
  148  9:18  Observer (Chrono Boost), Photon Cannon, Immortal (Chrono Boost)  
  148  9:19  Photon Cannon  
  148  9:22  Pylon  
  153  9:25  High Templar x2, Shield Battery  
  157  9:32  Archon  
  157  9:35  Immortal (Chrono Boost)  
  157  9:37  Pylon  
  161  9:38  Pylon  
  161  9:40  Pylon  
  161  9:44  Immortal (Chrono Boost)  
  165  9:57  Gateway  
  165  9:58  Immortal  
  169  10:01  Protoss Ground Weapons Level 3 (Chrono Boost), Pylon  
  169  10:04  Nexus  
  169  10:05  Pylon  
  169  10:08  Protoss Ground Armor Level 1 (Chrono Boost)  
  169  10:10  Protoss Air Weapons Level 1 (Chrono Boost)  
  169  10:16  Pylon  
  169  10:20  High Templar x2  
  173  10:23  High Templar x2  
  173  10:27  Archon x2  
  177  10:31  Immortal x2  
  185  10:37  Zealot x4  
  185  10:38  Immortal  
  185  10:39  Zealot  
  199  10:47  Zealot x3  
  199  10:48  Probe (Chrono Boost)  
  199  10:49  Probe x2 (Chrono Boost)  
  184  10:51  Probe (Chrono Boost)  
  184  10:55  High Templar x2  
  187  11:00  Probe (Chrono Boost)  
  187  11:01  Archon, Probe (Chrono Boost)  
  187  11:02  Stalker, Probe (Chrono Boost)  
  193  11:06  Probe (Chrono Boost)  
  193  11:07  Probe x3 (Chrono Boost)  
  193  11:10  Immortal x2  
  199  11:23  Stalker x3  
  200  11:30  Photon Cannon  
  200  11:39  Nexus, Pylon  
  200  11:45  Fleet Beacon  
  200  11:46  Stargate  
  200  11:49  Stargate  
  200  12:01  Photon Cannon  
  200  12:03  Photon Cannon  
  200  12:04  Photon Cannon  
  200  12:06  Photon Cannon  
  200  12:08  Shield Battery  
  198  12:13  Protoss Ground Armor Level 2 (Chrono Boost)  
  198  12:16  Photon Cannon  
  198  12:24  Assimilator  
  198  12:30  Assimilator  
  198  12:32  Photon Cannon  
  198  12:33  Photon Cannon  
  198  12:35  Photon Cannon  
  198  12:36  Protoss Shields Level 1 (Chrono Boost)  
  192  12:37  Shield Battery  
  192  12:43  Tempest (Chrono Boost)  
  192  12:46  Tempest (Chrono Boost)  
  192  12:50  Tempest (Chrono Boost)  
  189  13:12  Pylon  
  189  13:13  Mothership (Chrono Boost)  
  189  13:14  Zealot x5  
  189  13:15  Photon Cannon  
  189  13:19  Cybernetics Core  
  199  13:24  Protoss Air Weapons Level 2 (Chrono Boost)  
  199  13:39  Pylon  
  199  13:42  Pylon  
  199  13:45  Tempest (Chrono Boost)  
  199  13:46  Tempest (Chrono Boost)  
  197  13:58  Tempest (Chrono Boost)  
  200  14:05  Photon Cannon  
  200  14:07  Photon Cannon  
  200  14:27  Protoss Air Armor Level 1 (Chrono Boost)  
  200  14:34  Protoss Ground Armor Level 3  
  200  14:45  Protoss Shields Level 2  
  200  15:00  Pylon  
  200  15:10  Nexus, Shield Battery x2  
  200  15:12  Shield Battery  
  200  15:13  Pylon  
  200  15:25  Photon Cannon  
  200  15:26  Photon Cannon  
  200  15:28  Photon Cannon  
  200  15:29  Shield Battery  
  200  15:30  Shield Battery  
  198  15:38  Zealot x2  
  188  16:08  Photon Cannon  
  188  16:09  High Templar, Photon Cannon  
  188  16:10  High Templar  
  188  16:11  High Templar x4, Photon Cannon, Shield Battery  
  200  16:13  Shield Battery  
  200  16:15  Archon  
  200  16:16  Archon x2, Pylon  
  194  16:24  Stalker  
  194  16:25  Stalker x6  
  174  16:35  Immortal  
  170  16:45  High Templar x2  
  170  16:46  Unknown, High Templar x4  
  182  16:49  Archon x2, Pylon  
  182  16:50  High Templar, Archon  
  182  16:51  High Templar x3  
  182  16:54  Probe x3  
  193  16:55  Zealot x3  
  193  16:56  Pylon  
  199  17:09  Protoss Air Armor Level 2 (Chrono Boost)  
  199  17:11  Protoss Air Weapons Level 3 (Chrono Boost)  
  199  17:19  Photon Cannon x2  
  199  17:21  Photon Cannon  
  199  17:22  Photon Cannon  
  199  17:31  Assimilator  
  199  17:35  Zealot x2  
  197  17:37  Photon Cannon  
  197  17:38  Photon Cannon  
  197  17:41  Robotics Bay  
  197  17:48  Assimilator  
  193  18:26  High Templar x2  
  193  18:27  High Templar  
  199  18:29  Pylon  
  193  18:40  Stalker x3  
  199  18:45  Nexus  
  199  18:48  Pylon  
  196  19:07  Stalker x6  
  200  19:13  Stalker x4  
  197  19:19  Stalker x2  
  197  19:20  Stalker  
  197  19:21  Immortal (Chrono Boost)  
  154  19:36  Immortal (Chrono Boost)  
  154  19:37  High Templar x3  
  154  19:38  High Templar x6, Immortal (Chrono Boost)  
  169  19:43  Archon  
  169  19:44  Archon x3  
  177  19:47  Assimilator  
  177  19:48  High Templar  
  177  19:49  High Templar x3  
  185  19:52  Archon  
  185  19:53  Archon  
  185  19:55  Probe  
  185  19:59  Immortal (Chrono Boost)  
  190  20:03  Photon Cannon  
  190  20:06  Pylon  
  198  20:08  Immortal x2 (Chrono Boost)  
  198  20:11  Zealot  
  199  20:25  Protoss Shields Level 3 (Chrono Boost)  
  194  20:49  Tempest x2  
  200  21:02  Immortal (Chrono Boost)  
  186  21:07  High Templar x6  
  186  21:09  Immortal x2 (Chrono Boost)  
  186  21:10  Photon Cannon  
  192  21:11  Gravitic Boosters (Chrono Boost), Photon Cannon  
  192  21:13  Photon Cannon  
  192  21:15  Shield Battery  
  192  21:16  Archon x2  
  200  21:34  Gateway  
  200  21:37  Gateway  
  200  21:42  Photon Cannon  
  200  21:46  Shield Battery  
  200  21:57  Observer (Chrono Boost)  
  200  21:59  Nexus, Pylon  
  200  22:01  Gravitic Drive  
  199  22:11  Protoss Air Armor Level 3 (Chrono Boost)  
  198  22:46  Photon Cannon x2  
  198  22:48  Photon Cannon  
  198  22:50  Photon Cannon  
  197  22:51  Templar Archives  
  197  22:52  Shield Battery  
  197  22:53  Shield Battery  
  197  22:54  Shield Battery  
  197  22:56  Photon Cannon  
  193  22:58  Assimilator  
  193  23:01  Stalker x4  
  193  23:02  Stalker x2  
  193  23:04  Assimilator  
  175  23:12  Stalker  
  175  23:13  Stalker x5  
  175  23:18  Tempest x2  
  187  23:26  Stalker x5  
  194  23:31  Stalker x2  
  192  23:47  Zealot x6  
  196  23:53  Probe  
  193  24:05  Zealot x5  
  194  24:33  Tempest x2, Nexus  
  194  24:38  Stalker x2  
  167  24:55  Probe x5  
  172  25:01  High Templar x7  
  172  25:05  Archon x2  
  172  25:06  Archon  
  184  25:09  High Templar  
  184  25:13  Zealot x4  
  184  25:14  Zealot  
  176  25:35  High Templar  
  176  25:36  Zealot  
  176  25:37  Probe  
  176  25:40  Archon  
  181  25:45  Zealot x4  
  185  25:54  Zealot x2  
Show
View Real Time Build Order
Export as new Build Order

Reynor Zerg 

Build Orders: Hatch First, Brood Lord Corruptor 

Get SALT Encoding   

  12  0:00  Drone  
  13  0:08  Drone  
  13  0:13  Extractor  
  13  0:14  Drone  
  15  0:36  Hatchery  
  15  0:42  Extractor, Drone  
  15  0:48  Overlord  
  15  1:02  Spawning Pool  
  14  1:06  Drone  
  14  1:09  Drone  
  16  1:13  Drone  
  16  1:17  Drone  
  18  1:27  Extractor  
  18  1:28  Drone  
  18  1:38  Drone  
  19  1:47  Drone  
  19  1:48  Queen x2  
  19  1:51  Drone  
  25  1:59  Zergling x2  
  25  2:00  Drone  
  27  2:09  Overlord  
  27  2:11  Drone  
  28  2:27  Queen x2  
  28  2:28  Drone  
  33  2:30  Overlord  
  33  2:33  Zergling x2  
  33  2:36  Zergling x2  
  35  2:41  Metabolic Boost  
  36  2:44  Drone  
  36  2:49  Drone  
  37  3:01  Hatchery  
  37  3:04  Overlord  
  36  3:06  Zergling x2  
  36  3:10  Drone  
  37  3:13  Spore Crawler  
  37  3:15  Extractor  
  37  3:18  Drone x2  
  35  3:21  Extractor  
  35  3:22  Drone  
  35  3:24  Drone  
  35  3:25  Drone  
  39  3:28  Drone  
  39  3:31  Drone  
  39  3:33  Drone  
  42  3:36  Drone  
  42  3:38  Drone  
  42  3:39  Drone  
  45  3:41  Drone  
  45  3:45  Overlord  
  45  3:48  Drone  
  47  3:49  Drone  
  47  3:51  Drone  
  47  3:55  Queen  
  49  3:59  Drone  
  49  4:01  Overlord  
  52  4:10  Queen  
  52  4:13  Zergling x6  
  52  4:16  Drone x2, Spore Crawler  
  58  4:21  Drone x3  
  61  4:27  Evolution Chamber, Overlord  
  59  4:31  Drone  
  59  4:36  Overlord  
  59  4:37  Drone x3  
  63  4:42  Drone  
  63  4:43  Drone x2  
  63  4:45  Drone  
  66  4:47  Drone x2  
  66  4:49  Drone  
  68  4:54  Zerg Melee Weapons Level 1  
  68  4:56  Queen  
  68  4:57  Spore Crawler  
  68  4:58  Drone  
  70  5:02  Zergling x6  
  70  5:05  Queen  
  75  5:08  Zergling x4  
  75  5:11  Drone x3  
  75  5:14  Overlord  
  80  5:17  Lair  
  80  5:21  Zergling x4  
  82  5:22  Zergling x2  
  83  5:32  Drone  
  83  5:33  Drone x2  
  83  5:35  Drone x3  
  89  5:36  Drone x2  
  89  5:37  Drone  
  89  5:39  Spore Crawler  
  89  5:40  Extractor  
  89  5:41  Hatchery  
  88  5:45  Overlord  
  88  5:46  Drone x2  
  88  5:48  Drone x2  
  88  5:49  Overlord  
  88  5:50  Evolution Chamber  
  88  5:55  Drone x2, Spore Crawler  
  86  5:58  Drone x2  
  86  5:59  Drone x2  
  86  6:01  Drone  
  86  6:02  Drone x2  
  89  6:06  Drone  
  89  6:09  Drone  
  89  6:13  Drone x2  
  89  6:17  Extractor  
  90  6:18  Drone  
  90  6:19  Extractor x2, Infestation Pit  
  90  6:22  Overlord  
  90  6:24  Drone  
  89  6:27  Drone x3  
  89  6:29  Drone x2  
  89  6:30  Drone  
  95  6:33  Zergling x2  
  95  6:35  Overlord  
  95  6:36  Zergling x6  
  95  6:37  Zergling x2  
  100  6:44  Zergling x2  
  100  6:46  Drone  
  102  6:47  Hatchery  
  102  6:48  Zergling x2, Hydralisk Den  
  102  6:52  Roach Warren  
  102  6:53  Drone x2  
  103  6:54  Zerg Melee Weapons Level 2  
  103  6:57  Evolution Chamber  
  103  6:58  Zergling x6  
  103  6:59  Overlord  
  103  7:00  Drone x2  
  107  7:02  Drone x2  
  107  7:04  Drone  
  107  7:05  Spore Crawler  
  111  7:08  Drone x4  
  111  7:09  Overlord  
  111  7:12  Drone  
  111  7:13  Hive  
  114  7:19  Zergling x4  
  114  7:21  Zergling x2  
  117  7:24  Zergling x2, Zerg Ground Armor Level 1  
  117  7:25  Zergling x8, Extractor  
  120  7:30  Zergling x8  
  120  7:31  Overlord  
  120  7:33  Zergling x4  
  120  7:34  Glial Reconstitution  
  126  7:38  Overlord  
  126  7:41  Drone  
  126  7:42  Drone x3  
  128  7:46  Overlord  
  128  7:48  Drone x2, Spore Crawler  
  128  7:49  Drone  
  128  7:56  Drone x6  
  128  7:58  Drone x3  
  137  7:59  Drone  
  137  8:01  Drone  
  137  8:02  Extractor  
  137  8:03  Baneling Nest  
  137  8:05  Drone  
  137  8:06  Drone x2  
  137  8:10  Roach x7  
  137  8:11  Overseer  
  154  8:13  Pneumatized Carapace, Overlord  
  154  8:18  Drone, Spore Crawler  
  154  8:20  Spine Crawler  
  154  8:24  Drone x2  
  154  8:26  Adrenal Glands  
  155  8:27  Ultralisk Cavern  
  155  8:28  Overlord  
  155  8:33  Zergling x18, Drone  
  155  8:34  Zergling x2  
  165  8:35  Overlord  
  165  8:40  Drone  
  166  8:43  Spire  
  166  8:45  Drone x4  
  166  8:47  Extractor  
  166  8:48  Zergling x10  
  170  8:49  Centrifugal Hooks  
  170  8:52  Overlord  
  172  8:58  Overlord  
  172  9:13  Zerg Melee Weapons Level 3, Chitinous Plating  
  172  9:19  Ultralisk x2, Hatchery  
  172  9:23  Zergling x32, Extractor  
  172  9:24  Zergling x2  
  199  9:31  Spore Crawler, Hatchery  
  197  9:41  Neural Parasite  
  197  9:43  Spine Crawler x2  
  194  9:59  Baneling x19  
  193  10:02  Ultralisk  
  199  10:07  Greater Spire, Spine Crawler x5  
  199  10:09  Spine Crawler  
  192  10:24  Zergling x2, Ultralisk  
  192  10:30  Extractor  
  191  10:40  Zerg Ground Armor Level 2  
  189  10:47  Infestor x2  
  189  10:48  Infestor x2  
  183  10:50  Zergling x2  
  183  10:51  Zergling x34  
  183  10:52  Zergling x6  
  183  10:53  Zergling x2  
  196  10:57  Burrow  
  196  11:00  Zergling x8  
  199  11:06  Overlord x2  
  199  11:09  Overlord  
  199  11:10  Overlord  
  196  11:12  Anabolic Synthesis  
  196  11:18  Overlord  
  196  11:25  Corruptor x6  
  192  11:36  Zerg Flyer Weapons Level 1  
  192  11:45  Baneling x4  
  192  11:46  Baneling  
  182  11:58  Brood Lord x4  
  182  11:59  Brood Lord  
  191  12:05  Brood Lord  
  193  12:18  Corruptor x4  
  197  12:24  Spine Crawler  
  197  12:25  Spine Crawler  
  197  12:27  Spine Crawler  
  194  12:31  Overseer x2  
  194  12:35  Infestor x2, Extractor  
  196  12:40  Extractor  
  193  12:44  Infestor x2  
  193  12:46  Drone x2  
  193  12:47  Drone x4  
  193  12:50  Spore Crawler  
  193  13:01  Zergling x24  
  192  13:08  Brood Lord x2  
  192  13:09  Brood Lord x2  
  200  13:24  Drone x4  
  200  13:28  Overlord  
  200  13:29  Overlord  
  200  13:30  Overlord  
  200  13:37  Extractor  
  200  13:41  Extractor  
  198  13:44  Zerg Flyer Weapons Level 2  
  198  13:49  Spine Crawler  
  198  13:51  Spine Crawler  
  198  13:54  Zergling x8  
  200  14:19  Spire  
  200  14:20  Zerg Ground Armor Level 3  
  199  14:24  Overseer  
  199  14:29  Drone  
  199  14:30  Drone, Hatchery  
  200  14:35  Hatchery  
  199  14:51  Spore Crawler x3  
  196  15:04  Drone x3  
  199  15:12  Spore Crawler  
  190  15:42  Spore Crawler x3  
  185  15:44  Corruptor x7  
  185  15:46  Infestor  
  185  15:49  Infestor  
  194  15:55  Baneling x8  
  194  15:56  Viper x2  
  196  16:02  Overseer x2  
  196  16:03  Spore Crawler  
  198  16:04  Spore Crawler  
  197  16:18  Zergling x10  
  199  16:25  Zergling x22  
  195  16:29  Zergling x10  
  199  16:38  Overlord  
  176  16:40  Ultralisk  
  176  16:41  Ultralisk x2  
  176  16:44  Infestor x2  
  200  16:47  Drone x2  
  200  16:51  Overseer  
  191  17:28  Infestor x4  
  185  17:31  Ultralisk x2  
  185  17:36  Drone x6  
  200  17:40  Overseer x2  
  195  17:45  Zergling x4  
  195  17:46  Zergling x6  
  195  17:50  Spine Crawler  
  198  17:52  Spine Crawler  
  198  17:54  Overseer x3, Zerg Flyer Weapons Level 3, Zerg Flyer Armor Level 1  
  184  18:06  Drone  
  184  18:07  Zergling x2, Drone x5, Ultralisk x2  
  191  18:14  Corruptor x3  
  191  18:15  Corruptor  
  190  18:41  Corruptor  
  190  18:42  Corruptor x3  
  197  19:05  Zergling x4  
  186  19:18  Zergling x16  
  186  19:19  Zergling x10  
  186  19:23  Zergling x22  
  186  19:24  Zergling x2  
  175  19:26  Infestor x3, Ultralisk x3  
  175  19:27  Infestor  
  173  19:31  Infestor  
  169  19:40  Infestor  
  171  19:46  Drone x5  
  171  19:51  Brood Lord  
  171  19:52  Brood Lord x8  
  194  20:06  Corruptor x3  
  193  20:18  Ultralisk  
  193  20:20  Infestor  
  195  20:28  Zergling x12  
  195  20:32  Overlord  
  195  20:33  Overlord  
  195  20:46  Corruptor x4  
  200  21:01  Hatchery  
  200  21:03  Zergling x14  
  200  21:04  Zergling x12  
  200  21:12  Overseer x3  
  200  21:13  Baneling x6  
  200  21:30  Overseer  
  200  21:31  Overseer x2  
  200  21:36  Extractor  
  199  21:45  Hatchery  
  193  21:49  Extractor  
  193  21:53  Brood Lord x2  
  193  21:54  Corruptor, Brood Lord  
  201  22:09  Overlord  
  201  22:14  Corruptor  
  201  22:15  Corruptor x2  
  200  22:17  Overlord  
  197  22:50  Corruptor  
  197  22:51  Corruptor x5  
  178  23:12  Zergling x40  
  196  23:13  Zergling x2  
  179  23:24  Zergling x22  
  184  23:28  Brood Lord x3  
  184  23:29  Brood Lord x3  
  196  23:40  Zergling x6, Ultralisk  
  199  23:43  Corruptor  
  199  23:44  Corruptor  
  199  23:48  Corruptor x6  
  167  23:57  Corruptor x4  
  167  23:59  Corruptor  
  166  24:05  Corruptor  
  166  24:06  Corruptor  
  170  24:12  Ultralisk, Queen x2  
  179  24:19  Ultralisk x2  
  179  24:22  Zergling x2  
  180  24:29  Drone x9  
  162  24:36  Ultralisk x2  
  161  24:44  Hatchery  
  156  24:46  Zergling x4  
  155  24:54  Infestor  
  155  24:58  Zergling x2  
  142  25:00  Ultralisk  
  147  25:09  Zergling x2  
  135  25:28  Zergling x10  
  135  25:29  Zergling x2  
  135  25:33  Corruptor  

Tags
 
Add a new tag
Caveats
  • Supply blocks, unpowered buildings, or Contaminate may cause inaccurate times.
  • Supply counts are checked every 10 seconds.